 Dungeon Crawl Stone Soup version 0.21-a0-203-gb066a6e (webtiles) character file.

103 Espgualade the Magician (level 4, -1/24 HPs)
             Began as a Tengu Ice Elementalist on Aug 19, 2017.
             Killed from afar by an orc wizard (7 damage)
             ... with a puff of flame
             ... on level 3 of the Dungeon.
             The game lasted 00:08:32 (3223 turns).

Espgualade the Magician (Tengu Ice Elementalist)    Turns: 3223, Time: 00:08:33

Health: -1/24      AC:  2    Str:  7 (8)  XL:     4   Next: 79%
Magic:  7/11       EV: 13    Int: 14 (16) God:
Gold:   157        SH:  0    Dex: 14 (15) Spells: 1/11 levels left

rFire    . . .     SeeInvis .   e - +1 dagger
rCold    . . .     Gourm    .   (no shield)
rNeg     . . .     Faith    .   a - +0 robe
rPois    .         Spirit   .   (helmet restricted)
rElec    .         Reflect  .   (no cloak)
rCorr    .         Harm     .   (no gloves)
MR       .....                  (boots unavailable)
Stlth    ++........             (no amulet)
HPRegen  0.08/turn              (no ring)
MPRegen  0.12/turn              (no ring)

@: very slightly contaminated
A: beak, talons 3
a: no special abilities


You were on level 3 of the Dungeon.
You were not hungry.

You visited 1 branch of the dungeon, and saw 4 of its levels.

You collected 157 gold pieces.

Inventory:

Hand Weapons
 e - a +1 dagger (weapon)
Armour
 a - a +0 robe (worn)
 v - +0 gold dragon scales
Jewellery
 j - a cursed ring of loudness {unknown}
 p - an uncursed ring of magical power {unknown}
 t - an uncursed ring of flight {unknown}
Scrolls
 f - a scroll of fog
 i - 4 scrolls of recharging
 n - 2 scrolls of remove curse
 o - 2 scrolls of identify
Potions
 d - 2 potions of degeneration
 g - 3 potions of curing
 k - a potion of brilliance {unknown}
 l - a potion of magic {unknown}
 q - a potion of heal wounds
 u - a potion of lignification {unknown}
Books
 b - a book of Frost

   Spells                             Type                      Level
   a - Freeze                         Ice                          1
   b - Throw Frost                    Conjuration/Ice              2
   c - Ozocubu's Armour               Charms/Ice                   3
   d - Throw Icicle                   Conjuration/Ice              4
   e - Summon Ice Beast               Ice/Summoning                4
 s - a book of Cantrips

   Spells                             Type                      Level
   a - Confusing Touch                Hexes                        1
   b - Animate Skeleton               Necromancy                   1
   c - Summon Small Mammal            Summoning                    1
   d - Apportation                    Translocation                1
Comestibles
 c - 3 bread rations
 r - a royal jelly


   Skills:
 + Level 2.6 Dodging
 + Level 2.5 Stealth
 - Level 4.0 Spellcasting
 - Level 1.3 Conjurations
 - Level 2.6 Ice Magic


You had one spell level left.
You knew the following spells:

 Your Spells              Type           Power        Failure   Level  Hunger
a - Freeze                Ice            ##..         6%          1    None
b - Throw Frost           Conj/Ice       #.....       13%         2    ##.....
c - Ozocubu's Armour      Chrm/Ice       #.......     32%         3    ###....
d - Throw Icicle          Conj/Ice       #.......     63%         4    ####...


Dungeon Overview and Level Annotations

Branches:
Dungeon (4/15)
 Temple: D:4-7

Altars:
Gozag
Kikubaaqudgha

Annotations:
D:2 Terence


Innate Abilities, Weirdness & Mutations

You have a beak for a mouth.
You have claws for feet.


Message History

Aim: an orc, wielding a whip and wearing a leather armour (heavily wounded)
You miscast Freeze.
You are very lightly contaminated with residual magic.
Nothing appears to happen.
The orc wizard hits you with a dagger! The orc closely misses you.
Casting: Freeze
Confirm with . or Enter, or press ? or * to list all spells.
Aiming: Freeze
Press: ? - help, Shift-Dir - straight line, f/p - orc
Aim: an orc, wielding a whip and wearing a leather armour (heavily wounded)
You freeze the orc.
You kill the orc!
The orc wizard hits you with a dagger.
* * * LOW HITPOINT WARNING * * *
The orc wizard barely misses you.
The orc wizard mumbles some strange words.
The orc wizard seems to speed up.
The orc wizard gestures at you while chanting.
The puff of flame hits you!
You die...

#.................)...........#
..................#<.........##
.........#.##.###.##...##....##
#####...........#..##.###.....#
........................#...#.###
#####.######..#####.........#....
..###.######..#####.#####...####.
........).....g...#.#####....####
........>.....o.@......##.....###
......(.##############.###.##....
..####### #........#... ..#
#........#... ### #........#... #
#........#>.. #........####
#........# #........#


You could see an orc wizard and a goblin.

Vanquished Creatures
  2 gnolls (D:2)
  2 adders
  2 oozes
  2 dart slugs (D:1)
  An orc (D:3)
  5 giant cockroaches
  6 goblins
  4 hobgoblins
  7 jackals
  8 kobolds
  6 bats
  2 frilled lizards
  5 rats
52 creatures vanquished.

Notes
Turn   | Place    | Note
-------+----------+-------------------------------------------
     0 | D:1      | Espgualade the Tengu Ice Elementalist began the quest for the Orb.
     0 | D:1      | Reached XP level 1. HP: 10/10 MP: 4/4
   230 | D:1      | Reached XP level 2. HP: 5/15 MP: 4/6
   648 | D:1      | Reached skill level 3 in Spellcasting
   861 | D:1      | Reached XP level 3. HP: 16/19 MP: 2/8
  1499 | D:2      | Learned a level 2 spell: Throw Frost
  1503 | D:2      | Learned a level 3 spell: Ozocubu's Armour
  1773 | D:2      | Reached XP level 4. HP: 7/24 MP: 3/10
  1777 | D:2      | Reached skill level 4 in Spellcasting
  1953 | D:2      | Noticed Terence
  2042 | D:3      | Found an opulent altar of Gozag.
  2081 | D:3      | Found an ancient bone altar of Kikubaaqudgha.
  2539 | D:4      | Noticed an ogre
  2819 | D:3      | Learned a level 4 spell: Throw Icicle
  2921 | D:4      | Noticed a phantom
  3223 | D:3      | Killed from afar by an orc wizard

Vault maps used:
D:1:      minmay_arrival_solitary_statue
D:2:      st_stairs_14, uniq_terence, uniq_jessica
D:3:      lemuel_round_altar, lemuel_doored_altar, nrook_uturn
D:4:      serial_shops, shop, first_bread

Skill      XL: |  1  2  3  4 |
---------------+-------------+-----
Spellcasting   | 3 4 |  4.0
Dodging        | |  2.6
Stealth        | |  2.5
Conjurations   | |  1.3
Ice Magic      | |  2.6

Action                   |  1- 3 |  4- 6 || total
-------------------------+-------+-------++-------
Melee: Dagger            |    41 |    38 ||    79
       Unarmed           |     2 |       ||     2
       Peck              |     7 |     4 ||    11
       Kick              |     7 |     9 ||    16
 Cast: Freeze            |    31 |    36 ||    67
       Throw Frost       |     2 |     2 ||     4
       Ozocubu's Armour  |       |     2 ||     2
  Use: Scroll            |     1 |    10 ||    11
       Potion            |       |     4 ||     4
 Stab: Sleeping          |     5 |     3 ||     8
  Eat: Chunk             |     2 |     2 ||     4
       Bread ration      |       |     1 ||     1
Armor: Robe              |    13 |    17 ||    30
Dodge: Dodged            |    35 |    54 ||    89
